 Dungeon Crawl Stone Soup version 0.30.1-11-g7821555f0a (webtiles) character file.

Game seed: 9090792135274257359

416410 jurchenman the Tortoise (level 22, -2/211 HPs)
             Began as a Minotaur Fighter on Dec 13, 2023.
             Was a High Priest of Okawaru.
             Killed by divine providence
             ... invoked by a royal mummy
              (13 damage)
             ... on level 2 of the Tomb of the Ancients on Dec 18, 2023.
             The game lasted 03:41:13 (46803 turns).

jurchenman the Tortoise (Minotaur Fighter)         Turns: 46803, Time: 03:41:13

Health: -2/211     AC: 51    Str: 45    XL:     22   Next: 56%
Magic:  28/32      EV: 21    Int: 14    God:    Okawaru [*****.]
Gold:   2842       SH: 13    Dex: 19    Spells: 21/21 levels left

rFire   . . .        w - +9 hammer "Subyhim" {flame, rElec Int+5}
rCold   + + .        z - +2 buckler "Kiciutz" {Contam rCorr Int+4}
rNeg    + . .        U - +8 crystal plate armour "Caxzec" {Regen+ Dex+6}
rPois   .            l - +0 hat of Pyvazecs {-Tele rElec Will+ Regen+}
rElec   +            E - +4 cloak "Pufodgh" {rN+}
rCorr   +            a - +0 pair of gloves of Nimeong {Will+ Str+2}
SInv    +            r - +2 pair of boots
Will    +++..        c - amulet of regeneration Stlth
                     i - ring of Isaajulu {*Slow rC++ Str+6 Dex+2 SInv}
HPRegen 2.95/turn    A - +6 ring of strength
MPRegen 0.23/turn

%: no teleportation, slow self (1%)
@: mighty, heroic, finesse-ful, marked, studying 2 skills, invisible
A: horns 2, retaliatory headbutt, see invisible
}: 2/15 runes: barnacled, gossamer
a: Renounce Religion, Heroism, Finesse, Duel


You were on level 2 of the Tomb of the Ancients.
You worshipped Okawaru.
Okawaru was extremely pleased with you.
You visited 9 branches of the dungeon, and saw 39 of its levels.
You visited the Abyss 1 time.
You also visited: Bailey, Gauntlet, Ice Cave and Volcano.

You collected 5473 gold pieces.
You spent 2631 gold pieces at shops.

Inventory:

Hand Weapons
 f - a +0 demon trident of venom
 w - the +9 hammer "Subyhim" (weapon) {flame, rElec Int+5}
   (You found it on level 4 of the Dungeon)

   Int:       It affects your intelligence (+5).
   rElec:     It insulates you from electricity.
 I - a +9 dire flail of protection
 Q - the +6 flail of Osah {drain, Fly}
   (You found it on level 3 of the Crypt)

   Fly:       It grants you flight.
Missiles
 d - 12 datura-tipped darts
 x - 47 boomerangs
 y - 14 silver javelins
 B - 21 javelins (quivered)
 L - 7 curare-tipped darts
 S - 17 atropa-tipped darts
Armour
 a - the +0 pair of gloves of Nimeong (worn) {Will+ Str+2}
   (Okawaru gifted it to you on level 5 of the Lair of Beasts)

   Str:       It affects your strength (+2).
   Will:      It increases your willpower.
 l - the +0 hat of Pyvazecs (worn) {-Tele rElec Will+ Regen+}
   (You acquired it on level 2 of the Vaults)

   rElec:     It insulates you from electricity.
   -Tele:     It prevents most forms of teleportation.
   Regen:     It increases your rate of health regeneration.
   Will:      It increases your willpower.
 r - a +2 pair of boots (worn)
 z - the +2 buckler "Kiciutz" (worn) {Contam rCorr Int+4}
   (Okawaru gifted it to you on level 1 of the Vaults)

   Int:       It affects your intelligence (+4).
   Contam:    It causes magical contamination when unequipped.
   rCorr:     It protects you from acid and corrosion.
 E - the +4 cloak "Pufodgh" (worn) {rN+}
   (Okawaru gifted it to you on level 2 of the Vaults)

   rN:        It protects you from negative energy.
 J - the +3 hat of Pondering {ponderous, Will+ MP+10 Int+5}
   (You bought it in a shop on level 2 of the Orcish Mines)

   Int:       It affects your intelligence (+5).
   MP:        It affects your magic capacity (+10).
   Will:      It increases your willpower.
 K - the +1 tower shield "Rugeumar" {SInv}
   (Okawaru gifted it to you on level 3 of the Crypt)

   SInv:      It lets you see invisible.
 T - a +2 cloak of preservation
 U - the +8 crystal plate armour "Caxzec" (worn) {Regen+ Dex+6}
   (Okawaru gifted it to you on level 3 of the Lair of Beasts)

   Dex:       It affects your dexterity (+6).
   Regen:     It increases your rate of health regeneration.
 V - a scarf of repulsion
 Z - a +1 kite shield
Jewellery
 b - an amulet of reflection
 c - an amulet of regeneration (around neck)
 i - the ring of Isaajulu (left hand) {*Slow rC++ Str+6 Dex+2 SInv}
   (You found it on level 12 of the Dungeon)

   [ring of strength]

   Str:       It affects your strength (+6).
   Dex:       It affects your dexterity (+2).
   rC:        It greatly protects you from cold.
   SInv:      It lets you see invisible.
   *Slow:     It may slow you when you take damage.
 m - a ring of protection from fire
 o - an amulet of guardian spirit
 p - a ring of see invisible
 A - a +6 ring of strength (right hand)
 C - an amulet of the acrobat
 G - a ring of positive energy
 N - a +5 ring of evasion
 O - a ring of poison resistance
 P - the ring of Toblub {Fire rPois Will+++ Dex-2 Slay-2}
   (You found it on level 3 of the Crypt)

   [ring of fire]

   It enhances your fire magic.
   Dex:       It affects your dexterity (-2).
   Slay:      It affects your accuracy & damage with ranged weapons and melee
   (-2).
   rF:        It protects you from fire.
   rC:        It makes you vulnerable to cold.
   rPois:     It protects you from poison.
   Will:      It greatly increases your willpower.
Wands
 H - a wand of digging (17)
Scrolls
 e - 37 scrolls of identify
 j - a scroll of butterflies
 k - 11 scrolls of poison
 q - 18 scrolls of teleportation
 t - 2 scrolls of magic mapping
 v - 2 scrolls of silence
 M - 4 scrolls of fog
 W - 2 scrolls of fear
 X - 2 scrolls of blinking
Potions
 g - 2 potions of berserk rage
 h - 6 potions of resistance
 n - 9 potions of invisibility
 s - 12 potions of haste
 u - 2 potions of might
 D - 2 potions of flight
 F - 8 potions of curing
 R - 3 potions of cancellation


   Skills:
 + Level 20.9(25.9) Fighting
 - Level 4.8(19.2) Axes
 + Level 20.4(25.6) Maces & Flails
 + Level 17.7(22.7) Throwing
 + Level 20.9(25.9) Armour
 + Level 14.8(19.8) Dodging
 - Level 18.8(23.8) Shields
 - Level 14.9 Invocations


You had 21 spell levels left.
You didn't know any spells.
Your spell library contained the following spells:

 Spells                   Type           Power      Damage    Failure   Level
 Apportation              Tloc           0%         N/A       67%         1
 Beastly Appendage        Tmut           0%         N/A       67%         1
 Magic Dart               Conj           0%         1d3       67%         1
 Necrotise                Necr           0%         1d4       67%         1
 Sandblast                Erth           0%         2d4       67%         1
 Slow                     Hex            0%         N/A       67%         1
 Blink                    Tloc           0%         N/A       82%         2
 Lesser Beckoning         Tloc           0%         N/A       82%         2
 Momentum Strike          Conj/Tloc      0%         3d8       82%         2
 Passwall                 Tmut/Erth      0%         N/A       82%         2
 Sublimation of Blood     Necr           0%         N/A       82%         2
 Wereblood                Tmut           0%         N/A       82%         2
 Confusing Touch          Hex            0%         N/A       96%         3
 Gell's Gravitas          Tloc           0%         N/A       96%         3
 Mephitic Cloud           Conj/Pois/Air  0%         N/A       96%         3
 Portal Projectile        Hex/Tloc       0%         N/A       96%         3
 Spider Form              Tmut/Pois      0%         N/A       96%         3
 Stone Arrow              Conj/Erth      0%         3d7       96%         3
 Teleport Other           Tloc           0%         N/A       96%         3
 Vampiric Draining        Necr           0%         2d6       96%         3
 Vhi's Electric Charge    Tloc/Air       0%         N/A       96%         3
 Anguish                  Hex/Necr       0%         N/A       100%        4
 Cause Fear               Hex            0%         N/A       100%        4
 Leda's Liquefaction      Hex/Erth       0%         N/A       100%        4
 Manifold Assault         Tloc           0%         N/A       100%        4
 Passage of Golubria      Tloc           0%         N/A       100%        4
 Petrify                  Tmut/Erth      0%         N/A       100%        4
 Agony                    Necr           0%         N/A       100%        5
 Blade Hands              Tmut           0%         N/A       100%        5
 Borgnjor's Vile Clutch   Necr/Erth      0%         N/A       100%        5
 Fireball                 Conj/Fire      0%         3d3       100%        5
 Irradiate                Conj/Tmut      0%         3d11      100%        5
 Iskenderun's Battlesphe  Conj           0%         2d6       100%        5
 Lee's Rapid Deconstruct  Erth           0%         3d4*      100%        5
 Silence                  Hex/Air        0%         N/A       100%        5
 Conjure Ball Lightning   Conj/Air       0%         3x3d6     100%        6
 Dispersal                Tloc           0%         N/A       100%        6
 Statue Form              Tmut/Erth      0%         N/A       100%        6
 Dragon Form              Tmut           0%         N/A       100%        7
 Orb of Destruction       Conj           0%         9d5       100%        7
 Ozocubu's Refrigeration  Ice            0%         4d7       100%        7
 Storm Form               Tmut/Air       0%         N/A       100%        7
 Borgnjor's Revivificati  Necr           0%         N/A       100%        8
 Lehudib's Crystal Spear  Conj/Erth      0%         10d2      100%        8
 Death's Door             Necr           0%         N/A       100%        9
 Fire Storm               Conj/Fire      0%         5d1       100%        9
 Polar Vortex             Ice            0%         N/A       100%        9
 Summon Small Mammal      Summ           Unusable   N/A       N/A         1
 Call Imp                 Summ           Unusable   N/A       N/A         2
 Call Canine Familiar     Summ           Unusable   N/A       N/A         3
 Animate Armour           Summ/Erth      Unusable   N/A       N/A         4
 Animate Dead             Necr           Unusable   N/A       N/A         4
 Death Channel            Necr           Unusable   N/A       N/A         6
 Simulacrum               Ice/Necr       Unusable   N/A       N/A         6
 Haunt                    Necr/Summ      Unusable   N/A       N/A         7
 Dragon's Call            Summ           Unusable   N/A       N/A         9

Dungeon Overview and Level Annotations

Branches:
Dungeon (14/15)            Temple (1/1) D:5            Lair (5/5) D:9
 Shoals (4/4) Lair:2       Spider (4/4) Lair:3        Slime (0/5) Lair:4
    Orc (2/2) D:12            Elf (0/3) Orc:2        Vaults (4/5) D:14
  Crypt (3/3) Vaults:2       Tomb (2/3) Crypt:3      Bailey (visited)
  IceCv (visited)         Volcano (visited)         Gauntlet (visited)

Altars:
Ashenzari
Cheibriados
Dithmenos
Elyvilon
Fedhas
Gozag
Hepliaklqana
Kikubaaqudgha
Makhleb
Nemelex Xobeh
Okawaru
Qazlal
Ru
Sif Muna
Trog
Uskayaw
Vehumet
Wu Jian
Xom
Yredelemnul
Zin
The Shining One
Jiyva

Shops:
Orc:2 [*[(   Shoals:1 *   Shoals:2 :[(*:   Vaults:1 ?!=(

Portals:
Trove: D:11 (give +5 demon trident)

Annotations:
Vaults:2 exclusion: obsidian statue
Vaults:4 3 runed translucent doors, Ogiufoxyo's ghost, adept MfIE


Innate Abilities, Weirdness & Mutations

You have a pair of horns on your head.
You reflexively headbutt those who attack you in melee.
You have supernaturally acute eyesight. (SInv)


Message History

* * * LOW HITPOINT WARNING * * *
The emperor scorpion convulses!
The royal mummy gestures wildly while chanting.
The phantasmal warrior hits you but does no damage.
You feel better.
The death scarab's many legs skitter faintly.
The death scarab disappears in a puff of smoke!
The death scarab closely misses you. You furiously retaliate!
You headbutt the death scarab!!
You destroy the death scarab!
The death scarab's corpse disappears in a puff of smoke!
The death scarab waves its antennae.
The death scarab barely misses you. You furiously retaliate!
You headbutt the death scarab!!
You destroy the death scarab!
Okawaru accepts your kill.
The death scarab bites you but does no damage.
The emperor scorpion stings you but does no damage.
The emperor scorpion barely misses you.
The emperor scorpion claws you but does no damage.
The emperor scorpion stings you.
* * * LOW HITPOINT WARNING * * *
The emperor scorpion claws you.
* * * LOW HITPOINT WARNING * * *
The emperor scorpion completely misses you.
You block the flying skull's attack.
The ushabti shakes and rattles deafeningly!
The death scarab waves its antennae.
You block the emperor scorpion's attack.
The emperor scorpion completely misses you. x2
The mummy priest invokes the aid of its god against you.
Something smites you!
* * * LOW HITPOINT WARNING * * *
A mummy comes into view.
The shadow slips into darkness.
The shadow flickers and vanishes for a moment.
You block the royal mummy's attack.
The royal mummy points at you and mumbles some strange words.
Something smites you!
You die...

....3!..^......
..............(
.....^Z........
^.........BM...
..z...z.).BM...
.#...BZBzMB..#.
....BBzBWzW....
....BMs@sMsn...
...[B9sMssMV...
.#.Z§s9BBWM..#.
....MZMMBBV3...
....[..B4.ZB..§
(MM.......M....
M....$.........
..W............


You could see 4 royal mummies, 7 emperor scorpions, 4 mummy priests, a soul
eater (summoned), a flayed ghost (summoned, unable to see you), a phantasmal
warrior (summoned), 2 guardian mummies, 2 ushabtiu, an ice devil (summoned,
unable to see you), a neqoxec (summoned, unable to see you, fleeing), 2
vampires, a wraith (summoned), 16 death scarabs, a necrophage (summoned, unable
to see you), a shadow (summoned, invisible), 5 flying skulls, 5 mummies, a
quicksilver dragon simulacrum (summoned, unable to see you), an anaconda zombie
(unable to see you), an iron giant zombie (unable to see you), a dire elephant
skeleton (summoned, unable to see you) and a harpy skeleton (unable to see you).

Vanquished Creatures
  2 royal mummies (Tomb:1)
  Bai Suzhen (Vaults:3)
  2 curse toes (Crypt:3)
  Jory (Vaults:4)
  Nikola (Vaults:3)
  Zenata (Vaults:3)
  6 liches
  13 ancient champions
  Polyphemus (Shoals:2)
  Agnes (Spider:4)
  4 tentacled starspawn (Abyss:3)
  6 sphinxes
  Kirke (Shoals:3)
  Donald (Vaults:3)
  7 revenants
  Roxanne (D:14)
  A tengu reaver (Vaults:4)
  3 frost giants
  14 vault wardens
  5 emperor scorpions
  2 curse skulls
  3 ghost moths
  A juggernaut zombie (Crypt:1)
  Aizul (Spider:2)
  A cacodemon (Abyss:3)
  9 very ugly things
  24 ironbound preservers
  6 ironbound thunderhulks
  2 reapers
  A caustic shrike skeleton (Crypt:3)
  An orc warlord (Vaults:4)
  6 ghouls
  6 broodmothers
  3 spriggan defenders (Vaults:4)
  2 stone giants (Vaults:1)
  4 vampire knights
  A minotaur (Gauntlet)
  Azrael (Orc:2)
  Nessos (Orc:2)
  23 dire elephants
  A spark wasp (Spider:4)
  A lorocyproca (Abyss:3)
  A white draconian (IceCv)
  2 eidola
  Snorg (Lair:3)
  7 merfolk impalers
  A fire dragon (Volcano)
  7 jiangshi
  2 deep elf death magi
  13 mummy priests
  A quicksilver dragon zombie (Crypt:3)
  5 merfolk javelineers
  3 hydras (Lair:5)
  10 entropy weavers
  13 yaktaur captains
  5 ice dragons (IceCv)
  7 great orbs of eyes
  2 peacekeepers
  8 vault guards
  3 centaur warriors
  19 ironbound frosthearts
  An ogre mage (D:14)
  A jorogumo (Spider:3)
  A catoblepas (Shoals:2)
  3 radroaches
  2 death knights
  7 merfolk aquamancers
  The ghost of anacleto the Skirmisher, a novice MiHu of Fedhas (D:9)
  5 merfolk avatars
  7 boulder beetles
  7 two-headed ogres
  2 tengu warriors
  A titan zombie (Crypt:1)
  15 death scarabs
  2 death yaks (Shoals:2)
  An emperor scorpion zombie (Tomb:1)
  A quicksilver ooze zombie (Crypt:3)
  3 soul eaters (D:10)
  3 thrashing horrors (Abyss:3)
  3 vampire magi
  Nergalle (Lair:2)
  Urug (D:13)
  Sonja (Lair:1)
  6 sun demons (Shoals:4)
  4 skysharks
  A sixfirhy (Abyss:3)
  3 sun moths
  2 goliath frogs (Lair:5)
  6 pharaoh ants
  2 shadow wraiths
  9 sea snakes
  44 skeletal warriors
  3 glowing orange brains (Gauntlet)
  6 lindwurms
  50 deep trolls
  4 flayed ghosts
  15 ironbound convokers
  4 necromancers
  11 wizards
  6 phantasmal warriors
  18 orb spiders
  An orange crystal statue (IceCv)
  A bog body (Crypt:3)
  4 deep elf pyromancers
  A shadow dragon zombie (Crypt:3)
  An anaconda skeleton (Crypt:3)
  8 steelbarb worms
  2 spriggan simulacra (Spider:3)
  10 orc knights
  A deep elf zephyrmancer (D:14)
  33 harpies
  47 ugly things
  8 fauns
  8 cyclopes
  2 moths of wrath (Spider:4)
  3 salamanders (Volcano)
  An orc sorcerer (Orc:2)
  13 manticores
  22 wolf spiders
  A black mamba (Lair:5)
  Maurice (D:12)
  An eleionoma skeleton (Crypt:1)
  5 large abominations (Abyss:3)
  6 merfolk sirens
  3 human skeletons
  2 stone giant skeletons
  7 elephants
  2 torpor snails
  14 vault sentinels
  2 smoke demons
  5 centaur skeletons
  5 water nymphs
  An alligator snapping turtle zombie (Crypt:2)
  2 unseen horrors
  9 demonic crawlers
  A gargoyle (D:12)
  11 rime drakes
  A swamp worm zombie (Crypt:3)
  17 cane toads
  10 komodo dragons
  40 yaktaurs
  An elf zombie (Vaults:1)
  Psyche (D:8)
  2 dire elephant skeletons
  2 tengu conjurers
  An ice devil (D:10)
  An ancient zyme (Abyss:3)
  2 freezing wraiths
  A bunyip simulacrum (Crypt:1)
  9 guardian mummies
  9 trolls
  2 meliai (Spider:4)
  9 polar bears
  A tyrant leech (Lair:5)
  A mana viper skeleton (Crypt:2)
  A shadow dragon simulacrum (Vaults:4)
  A harpy zombie (Crypt:1)
  35 merfolk
  4 wind drakes
  6 raiju (Abyss:3)
  27 tarantellas
  A tarantella zombie (Crypt:2)
  Prince Ribbit (Bailey)
  3 hornets
  8 snapping turtles
  20 blink frogs
  5 dream sheep
  35 jumping spiders
  17 slime creatures
  A human simulacrum (Vaults:4)
  A centaur simulacrum (Crypt:1)
  A black mamba zombie (Crypt:3)
  A shadow (D:10)
  23 culicivoras
  12 water elementals
  3 wraiths
  51 yaks
  5 fire bats (Volcano)
  3 steam dragons (Volcano)
  2 ynoxinuls (Abyss:3)
  4 ushabtiu
  11 wyverns
  3 hogs (Shoals:3)
  A black mamba skeleton (Tomb:1)
  Eustachio (D:6)
  2 dire elephant simulacra (Spider:3)
  3 fire elementals
  7 humans
  9 vampire mosquitoes
  3 chaos spawn (D:10)
  51 redbacks
  2 basilisks
  2 minotaur simulacra (Spider:3)
  An elf skeleton (Vaults:1)
  3 neqoxecs (Abyss:3)
  9 wargs
  A merfolk skeleton (Crypt:1)
  9 water moccasins
  38 orc warriors
  4 hell hounds (Orc:1)
  4 ice beasts (D:5)
  A water nymph skeleton (Crypt:2)
  3 black bears
  8 ogres
  An ettin simulacrum (Vaults:1)
  10 boggarts
  A sky beast (D:7)
  A lindwurm zombie (Crypt:1)
  3 centaurs
  10 wolves
  2 phantoms
  A kobold brigand (D:10)
  2 deep troll simulacra (Spider:3)
  32 bullfrogs
  7 scorpions
  A gnoll sergeant (D:9)
  2 necrophages (Crypt:2)
  A wyvern zombie (Crypt:3)
  7 small abominations (Abyss:3)
  7 wights (D:8)
  A raiju skeleton (Crypt:1)
  A yak skeleton (Crypt:2)
  A howler monkey (D:5)
  A spriggan skeleton (Crypt:2)
  5 electric eels
  4 crimson imps (Abyss:3)
  Crazy Yiuf (D:4)
  A quasit (D:10)
  5 hounds
  16 orc priests
  8 starcursed masses (Abyss:3)
  A sleepcap (D:6)
  2 gnoll boudas
  2 iguanas
  24 orc wizards
  A tengu zombie (Crypt:2)
  2 sky beast zombies
  An acid dragon skeleton (Crypt:3)
  12 mummies
  12 adders
  17 gnolls
  2 shadow imps (D:7)
  6 white imps
  2 ufetubi (Abyss:3)
  A jelly zombie (Crypt:2)
  9 worms
  A dart slug (D:1)
  106 orcs
  7 endoplasms
  6 giant cockroaches
  9 hobgoblins
  6 jackals (D:2)
  5 quokkas
  A ball python (D:1)
  2 bats
  A frilled lizard (D:1)
  12 goblins
  2 jackal skeletons (Crypt:3)
  10 kobolds
  7 rats
  A rat skeleton (Crypt:3)
1748 creatures vanquished.

Vanquished Creatures (others)
  A lich (Crypt:3)
  A lorocyproca (Abyss:3)
  A deep elf knight (D:14)
  A deep elf pyromancer (D:14)
  A merfolk siren (Shoals:2)
  A torpor snail (Spider:4)
  A merfolk (Shoals:2)
  A culicivora (Spider:4)
  A water elemental (Shoals:3)
  9 starspawn tentacles (Abyss:3)
18 creatures vanquished.

Grand Total: 1766 creatures vanquished

Notes
Turn   | Place    | Note
-------+----------+-------------------------------------------
     0 | D:1      | jurchenman the Minotaur Fighter began the quest for the
                  | Orb.
     0 | D:1      | Reached XP level 1. HP: 19/19 MP: 0/0
    94 | D:1      | Reached XP level 2. HP: 27/27 MP: 1/1
   668 | D:2      | Reached XP level 3. HP: 27/33 MP: 2/2
   797 | D:2      | Reached skill level 1 in Throwing
  1474 | D:3      | Identified the +1 robe "Xoymy" {Int+4}
  1624 | D:3      | Reached XP level 4. HP: 38/40 MP: 3/3
  1643 | D:3      | Reached XP level 5. HP: 17/47 MP: 4/4
  2011 | D:3      | Found a hide-covered altar of Uskayaw.
  2058 | D:3      | Noticed a centaur
  2423 | D:4      | Reached skill level 5 in Fighting
  2423 | D:4      | Reached XP level 6. HP: 56/56 MP: 5/5
  2538 | D:4      | Reached skill level 5 in Armour
  2538 | D:4      | Reached skill level 5 in Shields
  2552 | D:4      | Reached XP level 7. HP: 31/61 MP: 4/6
  3148 | D:4      | Found a runed translucent door.
  3149 | D:4      | Noticed Crazy Yiuf
  3151 | D:4      | Identified the +9 hammer "Subyhim" {flame, rElec Int+5}
  3156 | D:4      | Killed Crazy Yiuf
  3208 | D:5      | Entered Level 5 of the Dungeon
  3266 | D:5      | Reached skill level 1 in Maces & Flails
  3331 | D:5      | Reached XP level 8. HP: 66/70 MP: 7/7
  4253 | D:5      | Found a staircase to the Ecumenical Temple.
  4262 | Temple   | Entered the Ecumenical Temple
  4262 | Temple   | Found a transporter.
  4262 | Temple   | Found a transporter.
  4264 | Temple   | Found a transporter.
  4264 | Temple   | Found a transporter.
  4636 | D:6      | Noticed Eustachio
  4668 | D:6      | Killed Eustachio
  5023 | D:6      | Reached skill level 5 in Throwing
  5023 | D:6      | Reached XP level 9. HP: 60/79 MP: 8/8
  5631 | D:7      | Reached skill level 5 in Maces & Flails
  6238 | D:7      | Found a shimmering altar of Xom.
  6739 | D:8      | Found an iron altar of Okawaru.
  6747 | D:8      | Became a worshipper of Warmaster Okawaru
  6777 | D:8      | Found a flagged portal.
  6796 | Bailey   | Entered a bailey
  6956 | Bailey   | Reached skill level 1 in Invocations
  6986 | Bailey   | Noticed Prince Ribbit
  6991 | Bailey   | Noticed a vault guard
  6997 | Bailey   | Killed Prince Ribbit
  7001 | Bailey   | Killed a vault guard
  7001 | Bailey   | Reached * piety under Okawaru
  7002 | Bailey   | Reached XP level 10. HP: 55/90 MP: 10/10
  7242 | Bailey   | Noticed a vault guard
  7250 | Bailey   | Killed a vault guard
  7250 | Bailey   | Reached ** piety under Okawaru
  7714 | D:8      | Noticed Psyche
  7717 | D:8      | Killed Psyche
  8807 | D:9      | Reached *** piety under Okawaru
  8965 | D:9      | Found a runed translucent door.
  8969 | D:9      | Found a staircase to the Lair.
  8973 | D:9      | Identified the +6 rapier "Befa" {venom, Str+2 Int+2}
  8995 | D:9      | Received a gift from Okawaru
  9206 | D:9      | Reached XP level 11. HP: 53/97 MP: 13/13
  9551 | D:9      | Noticed anacleto's ghost (novice MiHu)
  9611 | D:9      | Identified the +8 war axe of Unaip {flame, SInv Stlth+}
  9861 | D:10     | Entered Level 10 of the Dungeon
  9993 | D:10     | Reached **** piety under Okawaru
 10150 | D:10     | Noticed a soul eater
 10160 | D:10     | Killed a soul eater
 10193 | D:10     | Reached skill level 10 in Shields
 10296 | D:10     | Paralysed by a hornet for 2 turns
 10314 | D:10     | Reached skill level 10 in Fighting
 10324 | D:10     | Reached skill level 10 in Armour
 10656 | D:10     | Reached skill level 5 in Invocations
 10673 | D:10     | Reached ***** piety under Okawaru
 10748 | D:10     | Noticed a soul eater
 10760 | D:10     | Killed a soul eater
 10764 | D:10     | Received a gift from Okawaru
 11018 | D:10     | Noticed a soul eater
 11031 | D:10     | Killed a soul eater
 11148 | D:11     | Found a portal to a secret trove of treasure.
 11180 | D:11     | Noticed a two-headed ogre
 11183 | D:11     | Killed a two-headed ogre
 11225 | D:11     | Noticed a boulder beetle
 11226 | D:11     | Noticed a two-headed ogre
 11230 | D:11     | Killed a two-headed ogre
 11249 | D:11     | Killed a boulder beetle
 11250 | D:11     | Reached XP level 12. HP: 73/108 MP: 15/15
 11288 | D:11     | HP: 4/108 [something (8)]
 11569 | Lair:1   | Entered Level 1 of the Lair of Beasts
 11739 | Lair:1   | Received a gift from Okawaru
 11789 | Lair:1   | Noticed Sonja
 11820 | Lair:1   | Killed Sonja
 12444 | Lair:2   | Identified the +0 spear of Saahuolee {freeze, rElec rN+}
                  | (Okawaru gifted it to you on level 2 of the Lair of Beasts)
 12444 | Lair:2   | Received a gift from Okawaru
 12847 | Lair:2   | Noticed Nergalle
 12861 | Lair:2   | Killed Nergalle
 12862 | Lair:2   | Reached skill level 10 in Maces & Flails
 13564 | Lair:2   | Found a staircase to the Shoals.
 13714 | Lair:3   | Reached ****** piety under Okawaru
 13714 | Lair:3   | Received a gift from Okawaru
 14067 | Lair:3   | Received a gift from Okawaru
 14264 | Lair:3   | Reached XP level 13. HP: 55/117 MP: 17/17
 14812 | Lair:3   | Noticed Snorg
 14820 | Lair:3   | Killed Snorg
 14822 | Lair:3   | Received a gift from Okawaru
 15054 | Lair:3   | Identified the +8 crystal plate armour "Caxzec" {Regen+
                  | Dex+6} (Okawaru gifted it to you on level 3 of the Lair of
                  | Beasts)
 15054 | Lair:3   | Received a gift from Okawaru
 15446 | Lair:3   | Found a hole to the Spider Nest.
 15796 | Lair:3   | Identified a scroll of acquirement
 15796 | Lair:3   | Acquired 847 gold pieces
 15971 | Lair:4   | Found a viscous altar of Jiyva.
 15972 | Lair:4   | Found a staircase to the Slime Pits.
 16790 | Lair:5   | Entered Level 5 of the Lair of Beasts
 16855 | Lair:4   | Reached skill level 10 in Throwing
 17159 | Lair:5   | Identified the +0 pair of gloves of Nimeong {Will+ Str+2}
                  | (Okawaru gifted it to you on level 5 of the Lair of Beasts)
 17159 | Lair:5   | Received a gift from Okawaru
 17262 | Lair:5   | Identified the staff of air "Toneme" {rElec Will+ Str+5}
 17610 | Lair:5   | Found a shimmering blue altar of Sif Muna.
 18147 | D:11     | You fall into a shaft and drop 1 floor!
 18182 | D:12     | Reached XP level 14. HP: 129/129 MP: 19/19
 18185 | D:12     | Noticed Maurice
 18214 | D:12     | Killed Maurice
 18765 | D:11     | Got the Atlas of Non-Euclidean Burning
 18955 | D:12     | Found a staircase to the Orcish Mines.
 19336 | D:12     | Identified the ring of Isaajulu {*Slow rC++ Str+6 Dex+2
                  | SInv}
 19521 | Orc:1    | Entered Level 1 of the Orcish Mines
 19751 | Orc:2    | Entered Level 2 of the Orcish Mines
 19759 | Orc:2    | Noticed Azrael
 20065 | Orc:2    | Noticed Nessos
 20077 | Orc:2    | Killed Nessos
 20077 | Orc:2    | Received a gift from Okawaru
 20086 | Orc:2    | Killed Azrael
 20170 | Orc:2    | Found a dark tunnel.
 20174 | Volcano  | Entered a volcano
 20749 | Orc:2    | Received a gift from Okawaru
 20842 | Orc:2    | Identified the +4 crystal plate armour of the Accordion
                  | {+Inv Str+3 SInv} (Okawaru gifted it to you on level 2 of
                  | the Orcish Mines)
 20842 | Orc:2    | Received a gift from Okawaru
 21028 | Orc:2    | Found Kioxt's Armour Boutique.
 21028 | Orc:2    | Found Jaatehiu's Assorted Antiques.
 21082 | Orc:2    | Found Xilum's Armour Boutique.
 21082 | Orc:2    | Found Biamie's Antique Weapon Emporium.
 21099 | Orc:2    | Bought the +3 hat of Pondering {ponderous, Will+ MP+10
                  | Int+5} for 571 gold pieces
 21099 | Orc:2    | Found the +3 hat of Pondering {ponderous, Will+ MP+10
                  | Int+5}
 21231 | Orc:2    | Found a staircase to the Elven Halls.
 21935 | D:13     | Noticed Urug
 21941 | D:13     | Killed Urug
 21987 | D:13     | Reached XP level 15. HP: 127/138 MP: 21/21
 22567 | D:14     | Reached skill level 10 in Invocations
 22635 | D:14     | Noticed Roxanne
 22636 | D:14     | Found a gate leading to a gauntlet.
 22647 | Gauntlet | Entered a Gauntlet
 22647 | Gauntlet | Found a transporter.
 22647 | Gauntlet | Found a transporter.
 22656 | Gauntlet | Found a transporter.
 22670 | Gauntlet | Found a transporter.
 22676 | Gauntlet | Identified the +1 battleaxe of Nug Cuf {venom, rF+ Dex+2}
 22701 | Gauntlet | Found a transporter.
 22714 | Gauntlet | Found a transporter.
 22717 | Gauntlet | Identified the +1 hat of the Seven Defenders {rPois}
 22736 | Gauntlet | Found a transporter.
 22807 | Gauntlet | Identified the staff of cold "Paidy" {rPois rF+ rC+}
 22877 | D:14     | Killed Roxanne
 23089 | D:14     | Received a gift from Okawaru
 23141 | D:14     | Received a gift from Okawaru
 23244 | D:14     | Received a gift from Okawaru
 23604 | D:14     | Found a gate to the Vaults.
 23916 | Spider:1 | Entered Level 1 of the Spider Nest
 24033 | Spider:1 | Reached skill level 1 in Dodging
 24230 | Spider:1 | Received a gift from Okawaru
 24607 | Spider:1 | Reached skill level 15 in Armour
 24626 | Spider:1 | Reached skill level 15 in Fighting
 24631 | Spider:1 | Received a gift from Okawaru
 24642 | Spider:1 | Reached XP level 16. HP: 96/149 MP: 23/23
 25514 | Spider:2 | Received a gift from Okawaru
 25570 | Spider:2 | Noticed Aizul
 25584 | Spider:2 | Killed Aizul
 25697 | Spider:2 | Received a gift from Okawaru
 25791 | Spider:2 | Received a gift from Okawaru
 26731 | Spider:3 | Found a frozen archway.
 26736 | Spider:3 | Received a gift from Okawaru
 26761 | IceCv    | Entered an ice cave
 26768 | IceCv    | Reached skill level 5 in Dodging
 26949 | IceCv    | Received a gift from Okawaru
 26950 | IceCv    | Reached skill level 15 in Maces & Flails
 27537 | Spider:3 | Identified the +3 great sword of Aced Petu {heavy, *Rage
                  | rElec rN+ Dex+4}
 27724 | Spider:3 | Reached XP level 17. HP: 126/158 MP: 25/25
 27945 | Spider:4 | Entered Level 4 of the Spider Nest
 27991 | Spider:4 | Noticed Agnes
 28002 | Spider:4 | Killed Agnes
 28003 | Spider:4 | Received a gift from Okawaru
 28594 | Spider:4 | Received a gift from Okawaru
 28669 | Spider:4 | Received a gift from Okawaru
 29746 | Spider:4 | Received a gift from Okawaru
 29874 | Spider:4 | Got a gossamer rune of Zot
 29878 | Spider:4 | Identified the +0 pair of gloves of Youthful Indiscretion
                  | {rCorr}
 30126 | Shoals:1 | Entered Level 1 of the Shoals
 30342 | Shoals:1 | You fall into a shaft and drop 1 floor!
 30384 | Shoals:1 | Found Cibig's Gadget Gallery.
 30963 | Shoals:2 | Found Sunwy's Book Boutique.
 30995 | Shoals:2 | Found Xeuzuovi's Weapon Shoppe.
 31082 | Shoals:2 | Noticed Polyphemus
 31110 | Shoals:2 | Killed Polyphemus
 31336 | Shoals:2 | Found Vonnuq's Antique Armour Shop.
 31375 | Shoals:2 | Reached XP level 18. HP: 168/168 MP: 26/26
 31399 | Shoals:2 | Found Vatt's Book Boutique.
 31407 | Shoals:2 | Bought a manual of Shields for 1280 gold pieces
 31525 | Shoals:2 | Found Lyocaode's Assorted Antiques.
 31800 | Shoals:3 | Noticed Kirke
 31819 | Shoals:3 | Killed Kirke
 31913 | Shoals:3 | Received a gift from Okawaru
 32402 | Shoals:3 | Identified the +0 leather armour of Misanthropy {Harm}
 32546 | Shoals:4 | Entered Level 4 of the Shoals
 32592 | Shoals:4 | Received a gift from Okawaru
 33145 | Shoals:4 | Received a gift from Okawaru
 33563 | Shoals:4 | Received a gift from Okawaru
 33694 | Shoals:4 | Got a barnacled rune of Zot
 34020 | Shoals:4 | Received a gift from Okawaru
 34164 | Shoals:4 | Received a gift from Okawaru
 34468 | Vaults:1 | Entered Level 1 of the Vaults
 34487 | Vaults:1 | Found Ezxap's Magic Scroll Emporium.
 34638 | Vaults:1 | Received a gift from Okawaru
 34765 | Vaults:1 | Reached skill level 10 in Dodging
 34775 | Vaults:1 | Identified the +2 buckler "Kiciutz" {Contam rCorr Int+4}
                  | (Okawaru gifted it to you on level 1 of the Vaults)
 34775 | Vaults:1 | Received a gift from Okawaru
 35042 | Vaults:1 | Found Estretta's Jewellery Shop.
 35046 | Vaults:1 | Bought an amulet of regeneration for 390 gold pieces
 35046 | Vaults:1 | Bought an amulet of reflection for 390 gold pieces
 35089 | Vaults:1 | Reached XP level 19. HP: 174/179 MP: 28/28
 35230 | Vaults:1 | Reached skill level 15 in Throwing
 35330 | Vaults:1 | Found Hutin's Weapon Shoppe.
 35585 | Vaults:1 | Found Iffucuyw's Distillery.
 36102 | Vaults:2 | Identified the +4 cloak "Pufodgh" {rN+} (Okawaru gifted it
                  | to you on level 2 of the Vaults)
 36102 | Vaults:2 | Received a gift from Okawaru
 36669 | Vaults:2 | Acquired the +0 hat of Pyvazecs {-Tele rElec Will+ Regen+}
 37239 | Vaults:2 | Found a staircase to the Crypt.
 37804 | Vaults:3 | Noticed Zenata
 37817 | Vaults:3 | Killed Zenata
 37937 | Vaults:2 | Identified the +4 plate armour of the Comet {Harm rElec
                  | rN++ Dex-5} (Okawaru gifted it to you on level 2 of the
                  | Vaults)
 37937 | Vaults:2 | Received a gift from Okawaru
 38087 | Vaults:3 | Noticed Bai Suzhen
 38102 | Vaults:3 | Killed Bai Suzhen
 38104 | Vaults:3 | Noticed Nikola
 38129 | Vaults:3 | Killed Nikola
 38238 | Vaults:3 | Reached XP level 20. HP: 177/189 MP: 29/29
 38268 | Vaults:3 | You fall into a shaft and drop 1 floor!
 38331 | Vaults:4 | Found a runed translucent gate.
 38331 | Vaults:4 | Found a runed translucent gate.
 38331 | Vaults:4 | Found a runed translucent gate.
 38787 | Vaults:3 | Received a gift from Okawaru
 39079 | Abyss:3  | Cast into level 3 of the Abyss (vault warden)
 39128 | Abyss:3  | Gained mutation: You have supernaturally acute eyesight.
                  | (SInv) [a neqoxec]
 39185 | Abyss:3  | Found a corrupted altar of Lugonu.
 39249 | Abyss:3  | Reached skill level 15 in Shields
 39460 | Abyss:3  | Found a corrupted altar of Lugonu.
 39492 | Abyss:3  | Found a corrupted altar of Lugonu.
 39497 | Abyss:3  | Identified the +1 plate armour "Otumoet" {Drain Str+3
                  | Dex+2} (Okawaru gifted it to you on level 3 of the Abyss)
 39497 | Abyss:3  | Received a gift from Okawaru
 39532 | Vaults:3 | Escaped the Abyss
 39811 | Vaults:3 | Noticed Donald
 39823 | Vaults:3 | Killed Donald
 40349 | Vaults:4 | Noticed Jory
 40380 | Vaults:4 | Killed Jory
 40563 | Vaults:4 | Reached XP level 21. HP: 71/199 MP: 31/31
 40813 | Vaults:4 | Noticed Ogiufoxyo's ghost (adept MfIE)
 40876 | Vaults:4 | Received a gift from Okawaru
 41285 | Vaults:4 | Received a gift from Okawaru
 42138 | D:9      | Killed anacleto's ghost
 42340 | Crypt:1  | Entered Level 1 of the Crypt
 42437 | Crypt:1  | Received a gift from Okawaru
 42702 | Crypt:1  | Identified the +1 cloak "Anlanwinn" {Will++ rCorr SInv
                  | Stlth+} (Okawaru gifted it to you on level 1 of the Crypt)
 42702 | Crypt:1  | Received a gift from Okawaru
 44375 | Crypt:3  | Entered Level 3 of the Crypt
 44527 | Crypt:3  | Found a staircase to the Tomb.
 44740 | Crypt:3  | Reached XP level 22. HP: 84/201 MP: 32/32
 44798 | Crypt:3  | Received a gift from Okawaru
 44870 | Crypt:3  | Noticed a curse toe
 44874 | Crypt:3  | Killed a curse toe
 44875 | Crypt:3  | Noticed a curse toe
 44882 | Crypt:3  | Killed a curse toe
 44882 | Crypt:3  | Received a gift from Okawaru
 44895 | Crypt:3  | Found an ancient bone altar of Kikubaaqudgha.
 44898 | Crypt:3  | Found a basalt altar of Yredelemnul.
 45075 | Crypt:3  | Identified the +1 tower shield "Rugeumar" {SInv} (Okawaru
                  | gifted it to you on level 3 of the Crypt)
 45075 | Crypt:3  | Received a gift from Okawaru
 45279 | Crypt:3  | Identified the +6 flail of Osah {drain, Fly}
 45338 | Crypt:3  | Got the Atlas of Open Graves
 45339 | Crypt:3  | Identified the +1 shortbow of the Magi {flame, rPois}
 45340 | Crypt:3  | Identified the ring of Toblub {Fire rPois Will+++ Dex-2
                  | Slay-2}
 45500 | Tomb:1   | Entered Level 1 of the Tomb of the Ancients
 46009 | Tomb:1   | Noticed a royal mummy
 46034 | Tomb:1   | Killed a royal mummy
 46160 | Tomb:1   | Identified the +3 whip "Zalait" {flame, rElec Dex+2}
 46447 | Tomb:1   | Noticed a royal mummy
 46461 | Tomb:1   | Killed a royal mummy
 46784 | Tomb:2   | Noticed a royal mummy
 46784 | Tomb:2   | Noticed a royal mummy
 46784 | Tomb:2   | Noticed a royal mummy
 46785 | Tomb:2   | Noticed a royal mummy
 46803 | Tomb:2   | Killed from afar by a royal mummy

Illustrated notes

Levels and vault maps discovered:
D:1:      heliophobic_arrival_glass_houses, layout_rooms, minmay_hedge_maze,
          roderic_roman_lattice
D:2:      layout_loops_corners, minmay_misc_feat_room
D:3:      layout_loops_cross, overflow_temple_1_default, lightli_corner_chamber
D:4:      layout_basic, uniq_crazy_yiuf_cottage
D:5:      minmay_razor_zed, layout_basic, lemuel_temple_firewalk_b
D:6:      layout_basic, serial_glass, glass_columns_b, glass_columns_a,
          uniq_eustachio
D:7:      layout_layer_cave, mainiacjoe_overflow_alcove_1
D:8:      layout_layer_cave, okawaru_ov_weapons_minmay, enter_bailey_3,
          uniq_psyche
D:9:      layout_gridville, erik_lair_orcish_takeover, gammafunk_ghost_grave,
          serial_rivers, chequers_serial_rivers_micro_e,
          chequers_serial_rivers_marsh, chequers_serial_rivers_small_a,
          chequers_serial_rivers_room_a, chequers_serial_rivers_large_a
D:10:     layout_basic, serial_demonic, serial_demonic_c, serial_demonic_f,
          serial_demonic_e, serial_demonic_f
D:11:     cheibrodos_lost_city_excavation, layout_cave_pools,
          nicolae_trove_entry_free_sample
D:12:     layout_irregular_city, erik_orc_4, uniq_maurice
D:13:     layout_irregular_city, columned_hall_lemuel, grunt_decor_arrowhead,
          uniq_urug
D:14:     layout_roguey, hangedman_vaults_entry_quadrant_bands,
          minmay_misc_feat_x, gauntlet_entry_generic, uniq_roxanne
Temple:   hellmonk_temple_divided_pantheon
Lair:1:   layout_chaotic_city, grunt_megastairs_1, uniq_sonja
Lair:2:   layout_chaotic_city, minmay_shoals_entry_hut,
          dreamdust_mushroom_princess, uniq_nergalle
Lair:3:   layout_cave_pods, nicolae_spider_entry_non_spiders, wad_woods_03,
          grunt_megastairs_3, uniq_snorg
Lair:4:   layout_hall_layers, slime_entry_1, serial_bayou_lagoon_a
Lair:5:   minmay_lair_end_frog_pond, layout_regular_city, basic_altar,
          serial_bayou_shore_a
Shoals:1: layout_shoals, nicolae_shop_gadgets
Shoals:2: layout_shoals, serial_shops, shop, shop, shop,
          nicolae_shop_competitors_out_of_business, nicolae_shop_hallway_plus,
          nicolae_shoals_flooded_hall, uniq_polyphemus
Shoals:3: layout_shoals, uniq_kirke
Shoals:4: shoals_end_hangedman, layout_shoals, nicolae_shoals_cliffside_cave,
          nicolae_shoals_bring_sunscreen
Spider:1: layout_spider_delve, hellmonk_watch_for_rolling_rocks
Spider:2: layout_spider_delve, nicolae_spider_spiderdrome,
          hangedman_spider_tarantella_strand, uniq_aizul
Spider:3: layout_spider_delve, portal_ice_cave_entry_ice_simulacra
Spider:4: hellmonk_spider_rune_endless_swarm, uniq_agnes
Orc:1:    layout_caves
Orc:2:    st_orc_town, layout_diamond_mine, nicolae_volcano_entry_lava_flow,
          uniq_azrael, uniq_nessos
Vaults:1: nicolae_vaults_closet_pinwheel_4, v_misc_18, nicolae_vaults_quadrants,
          nicolae_vaults_frosty_reception, hangedman_vaults_nodes,
          vaults_mumra_chevron, nicolae_vaults_six-pack,
          nicolae_vaults_diamond_1, nicolae_vaults_little_squares_6,
          nicolae_vaults_taking_the_gang_shopping, nicolae_vaults_trapezoid_3,
          nicolae_vaults_house_2, vaults_room_octagon,
          layout_vaults_maze_snakey, serial_shops, nicolae_shop_real_fake_doors,
          nicolae_shop_competitors_out_of_business, shop
Vaults:2: nicolae_vaults_statue_guard, nicolae_vaults_network_quinsquares
          [nicolae_vaults_network_quincunx_subvault,
          nicolae_vaults_network_quincunx_subvault,
          nicolae_vaults_network_quincunx_subvault,
          nicolae_vaults_network_quincunx_subvault], vaults_room_large_hall,
          nicolae_vaults_trapezoid_layered, minmay_crypt_entry_simple_walls,
          nicolae_vaults_tangram_2, nicolae_vaults_mitosis,
          vaults_mumra_minichess, ontoclasm_vaults_spin,
          nicolae_vaults_double_plus_2, nicolae_vaults_surprise_closet,
          nicolae_vaults_surprise_closet, nicolae_vaults_tetromino_L_1,
          layout_vaults_omnigrid
Vaults:3: nicolae_vaults_wrenched, nicolae_vaults_spaceships, v_misc_17,
          v_misc_29, nicolae_vaults_closet_pinwheel_4,
          ontoclasm_vaults_ligature, nicolae_vaults_specimen_jars,
          vaults_room_fancy_cross, nicolae_vaults_whirlpool_walls,
          hangedman_vaults_maws, hangedman_vaults_hat, layout_vaults_omnicross,
          uniq_bai_suzhen, uniq_donald, uniq_zenata, uniq_nikola
Vaults:4: gammafunk_ghost_necromancy, v_misc_26, sword_in_stone, v_misc_19,
          nicolae_vaults_stairing_the_circle, nicolae_vaults_what_the_h,
          nicolae_vaults_network_square, nicolae_vaults_double_plus_1,
          nicolae_vaults_door_testing_chamber, nicolae_vaults_tetromino_T_1,
          v_alt_pattern_6, nicolae_vaults_circle_grid_a,
          nicolae_vaults_little_squares_2, nicolae_vaults_asterisk,
          nicolae_vaults_trapezoid_3, layout_vaults_ring, uniq_jory
Crypt:1:  layout_chaotic_city, grunt_crypt_arrival_split
Crypt:2:  layout_chaotic_city
Crypt:3:  lightli_unholy_cathedral, layout_chaotic_city,
          serial_sigils_hangedman_gnaw, st_stairs_14,
          serial_sigils_hangedman_etch, minmay_misc_feat_alley
Tomb:1
Tomb:2

Skill      XL: |  1  2  3  4  5  6  7  8  9 10 11 12 13 14 15 16 17 18 19 20 21 22 |
---------------+-------------------------------------------------------------------+-----
Fighting       | 4 5 6 7 8 9 10 11 13 14 15 16 17 18 19 20 | 20.9
Shields        | 4 5 6 7 8 9 10 11 12 14 16 18 | 18.8
Armour         | 4 5 6 7 8 9 10 11 12 14 15 16 17 18 19 20 | 20.9
Axes           | 3 4 |  4.8
Throwing       | 1 2 3 5 6 7 8 9 10 11 12 13 14 15 16 17 | 17.7
Maces & Flails | 2 4 6 7 9 10 11 13 14 15 16 17 18 19 20 | 20.4
Invocations    | 2 4 5 7 8 9 10 12 13 14 | 14.9
Dodging        | 3 6 8 10 11 13 14 | 14.8

Action                     |  1- 3 |  4- 6 |  7- 9 | 10-12 | 13-15 | 16-18 | 19-21 | 22-24 || total
---------------------------+-------+-------+-------+-------+-------+-------+-------+-------++-------
  Melee: War axe           |    74 |    75 |    31 |       |       |       |       |       ||   180
         Headbutt          |     9 |     9 |    47 |   107 |   358 |   485 |   691 |   131 ||  1837
         Mace              |       |       |   242 |   518 |  1327 |  1689 |  2001 |   337 ||  6114
  Throw: Javelin           |       |       |     2 |    30 |    64 |    68 |    75 |    20 ||   259
         Dart              |       |       |     2 |     3 |     2 |       |       |       ||     7
         Stone             |       |       |     1 |    14 |       |       |       |       ||    15
         Boomerang         |       |       |       |     2 |    19 |    51 |       |       ||    72
         Throwing net      |       |       |       |     1 |       |       |       |       ||     1
 Invoke: Heroism           |       |       |       |     5 |    17 |    11 |     9 |     5 ||    47
         Finesse           |       |       |       |       |     3 |     2 |       |     3 ||     8
    Use: Scroll            |     8 |     3 |     6 |    14 |     8 |     8 |     5 |     1 ||    53
         Potion            |       |       |     2 |     3 |     1 |     5 |     5 |    13 ||    29
   Stab: Invisible         |       |       |       |       |       |       |       |    18 ||    18
 Armour: Scale mail        |    32 |    43 |    76 |       |       |       |       |       ||   151
         Plate armour      |       |       |    61 |   321 |    22 |       |       |       ||   404
         Crystal plate arm |       |       |       |       |   858 |  1276 |  1055 |   252 ||  3441
  Dodge: Dodged            |    26 |    25 |    97 |   178 |   362 |   966 |  1051 |   386 ||  3091
  Block: Buckler           |    11 |    19 |    77 |   185 |   609 |   987 |  1010 |   318 ||  3216
